 Dungeon Crawl Stone Soup version 0.30-a0-457-g4b7bca3bfa (webtiles) character file.

Game seed: 2442986800041221952

130 SensoryNuts the Chopper (level 4, -5/36 HPs)
             Began as a Demonspawn Fighter on Dec 9, 2022.
             Succumbed to a kobold brigand's poison
             ... in a sewer on Dec 14, 2022.
             The game lasted 00:04:08 (2328 turns).

SensoryNuts the Chopper (Demonspawn Fighter)        Turns: 2328, Time: 00:04:08

Health: -5/36      AC:  9    Str: 17 (19) XL:     4   Next: 89%
Magic:  4/4        EV:  9    Int:  6 (9)  God:
Gold:   134        SH:  8    Dex: 10 (12) Spells: 3/3 levels left

rFire   . . .      SeeInvis .    a - +0 war axe
rCold   . . .      Faith    .    c - +0 buckler
rNeg    . . .      Spirit   .    b - +0 scale mail
rPois   .          Reflect  .    (no helmet)
rElec   .          Harm     .    h - +0 cloak
rCorr   .          Rampage  .    (no gloves)
Will    .....                    (no boots)
Stlth   ..........               (no amulet)
HPRegen 0.26/turn                (no ring)
MPRegen 0.09/turn                (no ring)

@: brilliant, lethally poisoned (-5 -> -30), attractive, very slow
A: rugged brown scales 1, condensation shield
a: no special abilities


You were in a sewer.
You visited 1 branch of the dungeon, and saw 3 of its levels.
You also visited: Sewer.

You collected 134 gold pieces.

Inventory:

Hand Weapons
 a - a +0 war axe (weapon)
Armour
 b - a +0 scale mail (worn)
 c - a +0 buckler (worn)
 h - a +0 cloak (worn)
Scrolls
 j - a scroll of teleportation
Potions
 i - a potion of brilliance
 n - a potion of magic {unknown}


   Skills:
 + Level 3.2 Fighting
 * Level 3.7 Axes
 + Level 3.4 Armour
 + Level 0.2 Dodging
 + Level 3.0 Shields


You had 3 spell levels left.
You didn't know any spells.
Your spell library contained the following spells:

 Spells                   Type           Power      Damage    Failure   Level
 Static Discharge         Conj/Air       0%         2-2/arc   97%         2
 Gell's Gravitas          Tloc           0%         N/A       100%        3
 Lesser Beckoning         Tloc           0%         N/A       100%        3
 Teleport Other           Tloc           0%         N/A       100%        3
 Vhi's Electric Charge    Tloc/Air       0%         N/A       100%        3
 Arcjolt                  Conj/Air       0%         1d10      100%        5
 Lightning Bolt           Conj/Air       0%         1d11      100%        5


Dungeon Overview and Level Annotations

Branches:
Dungeon (3/15)              Sewer (1/1)

Altars:


Innate Abilities, Weirdness & Mutations

You are partially covered in rugged brown scales. (AC +1, +3% HP)
A meltable shield of frost defends you. (SH +4)


Message History

You slash the kobold brigand! You block the kobold's attack.
The kobold hits you but does no damage.
The kobold brigand splashes around in the water.
You slash the kobold!
You kill the kobold!
You hear a splash.
You hit the kobold brigand. You slash the kobold brigand!
You block the kobold brigand's attack.
The kobold brigand splashes around in the water.
The kobold brigand barely misses you. The kobold barely misses you.
You hit the kobold.
The kobold is moderately wounded.
You barely miss the kobold brigand.
You hit the kobold brigand but do no damage.
You block the kobold brigand's attack.
The kobold brigand hits you with a +1 whip of venom.
You are poisoned.
The kobold barely misses you. The kobold brigand barely misses you.
The kobold brigand hits you with a +1 whip of venom.
You are lethally poisoned!
The kobold hits you with a +0 dagger.
You closely miss the kobold.
The kobold is moderately wounded.
You hit the kobold brigand. You closely miss the kobold brigand.
You feel yourself speed up.
* * * LOW HITPOINT WARNING * * *
You feel extremely sick. The kobold brigand barely misses you.
You block the kobold's attack.
The kobold brigand splashes around in the water.
The kobold brigand hits you with a +0 short sword.
* * * LOW HITPOINT WARNING * * *
The kobold hits you with a +0 dagger.
* * * LOW HITPOINT WARNING * * *
The kobold brigand hits you with a +1 whip of venom.
* * * LOW HITPOINT WARNING * * *
You are more poisoned.
It was a potion of degeneration.
There was something very wrong with that liquid.
You feel weakened.
You feel dopey.
You feel clumsy.
You die...

#~# #~# #~# #~# #~# #~#
#########~##
#.~KKK~~~~~#######
#~.KK@~..~~......#####
#.~≈≈≈~~~~~~~≈~~~~≈≈≈≈
...~~≈≈≈≈≈≈≈≈≈≈≈≈≈≈≈≈≈≈≈
..#~~≈≈≈~~~~~~~~~~~~~≈≈≈
. #.~~~~~~~~~......#####
#.......~~.###.###
############ #∩# ###


You could see 2 kobold brigands and 3 kobolds.

Vanquished Creatures
  5 river rats (Sewer)
  2 adders (D:2)
  A worm (D:2)
  A dart slug (D:3)
  3 ball pythons
  3 bats
  5 endoplasms
  6 giant cockroaches
  3 goblins
  2 hobgoblins
  4 jackals
  8 kobolds
  4 quokkas
  4 frilled lizards
  10 rats
61 creatures vanquished.

Notes
Turn   | Place    | Note
-------+----------+-------------------------------------------
     0 | D:1      | SensoryNuts the Demonspawn Fighter began the quest for the
                  | Orb.
     0 | D:1      | Reached XP level 1. HP: 18/18 MP: 1/1
     7 | D:1      | Upgraded the game from 0.30-a0-424-g7412bad402 to
                  | 0.30-a0-457-g4b7bca3bfa
   172 | D:1      | Gained mutation: You are partially covered in rugged brown
                  | scales. (AC +1, +3% HP) [demonic ancestry]
   172 | D:1      | Reached XP level 2. HP: 13/24 MP: 2/2
   335 | D:1      | Found a faded altar of an unknown god.
   869 | D:2      | Gained mutation: A meltable shield of frost defends you.
                  | (SH +4) [demonic ancestry]
   869 | D:2      | Reached XP level 3. HP: 25/29 MP: 3/3
  1456 | D:2      | Reached XP level 4. HP: 36/36 MP: 4/4
  2139 | D:3      | Found a glowing drain.
  2153 | Sewer    | Entered a sewer
  2314 | Sewer    | Noticed a kobold brigand
  2315 | Sewer    | Noticed a kobold brigand
  2327 | Sewer    | HP: 1/36 [kobold brigand/+1 whip of venom (4)]
  2328 | Sewer    | Succumbed to a kobold brigand's poison

Illustrated notes

Levels and vault maps discovered:
D:1:      erik_arrival_orb_chamber, layout_basic,
          nicolae_ecumenical_lake_church, minmay_door_square,
          wander_ebering_terrifying_dragon_lair
D:2:      cheibrodos_helix_gallery, layout_loops_ring, nicolae_eternal_life
D:3:      layout_loops_corners, cheibrodos_sewer_entry_drain
Sewer:    sewer_kobolds

Skill      XL: |  1  2  3  4 |
---------------+-------------+-----
Axes           | 2 3 |  3.7
Armour         | 3 |  3.4
Shields        | 3 |  3.0
Fighting       | |  3.2
Dodging        | |  0.2

Action                   |  1- 3 |  4- 6 || total
-------------------------+-------+-------++-------
Melee: War axe           |   108 |    43 ||   151
  Use: Potion            |       |     5 ||     5
       Scroll            |       |     3 ||     3
Armor: Scale mail        |    57 |    19 ||    76
Dodge: Dodged            |    43 |    34 ||    77
Block: Buckler           |    52 |    22 ||    74

Table legend: (Time is in decaauts)
 A = Elapsed time spent in this place.
 B = Non-inter-level travel time spent in this place.
 C = Inter-level travel time spent in this place.
 D = Time resting spent in this place.
 E = Time spent auto-exploring this place.
 F = Levels seen in this place.
 G = Mean time per level.
                   A        B        C        D        E       F      G
               +--------+--------+--------+--------+--------+-----+--------+
         Total |   2414 |   2338 |     76 |    235 |   1677 |   4 |  603.5 |
       Dungeon |   2209 |   2133 |     76 |    235 |   1528 |   3 |  736.3 |
         Sewer |    205 |    205 |      0 |      0 |    149 |   1 |  205.0 |
               +--------+--------+--------+--------+--------+-----+--------+

Top non-repeatable levels by time:
     D:2: 1205 daAuts
     D:1: 849 daAuts
   Sewer: 205 daAuts
     D:3: 154 daAuts
